[Event "40th Cappelle Open 2024"]
[Site "Cappelle-la-Grande"]
[Date "2024.03.07"]
[Round "8.10"]
[White "Tahay, Alexis"]
[Black "Bellahcene, Bilel"]
[Result "0-1"]
[ECO "B08"]
[WhiteElo "2382"]
[BlackElo "2522"]
[Annotator "TA"]
[PlyCount "58"]
[EventDate "2024.03.02"]
[EventType "swiss"]
[EventCountry "FRA"]
[SourceTitle "playchess.com"]
[Source "ChessBase"]
[SourceQuality "1"]
[TimeControl "40/5400+30:1800+30"]

1. e4 d6 2. d4 Nf6 3. Nc3 g6 4. Nf3 Bg7 5. Be2 O-O 6. O-O Nc6 7. Be3 Bg4 8. h3 Bxf3 9. Bxf3 e5 10. d5 Ne7 11. Ne2 Nd7 12. c4 f5 13. Nc3 {[%emt 0:04:34] White has an edge.} Nf6 14. Qd3 h5 (14... a6 $11) 15. Bg5 Nh7 16. Bxe7 ({Better is} 16. Bd2 $16) 16... Qxe7 $11 {[%emt 0:00:04] Black is weak on the light squares} 17. exf5 gxf5 18. Bxh5 e4 19. Qg3 {[%emt 0:02:42] [#]} Kh8 $1 {[%emt 0:07:06] ...Rg8 would now be deadly.} 20. Ne2 {[%emt 0:08:14] Nf4 is the strong threat.} Rg8 $36 {[%emt 0:03:55][%mdl 2048] Black is in control.} 21. Nf4 {[%emt 0:17:58] White does not recover from this.} (21. Qe3 $17) 21... Bxb2 $19 22. Ng6+ Rxg6 $1 23. Qxg6 (23. Bxg6 {only move.} Bxa1 24. Bxf5) 23... Bxa1 24. Rxa1 {[%emt 0:00:03][%cal Oa1b1] [#]} Rg8 $1 25. Qf7 ({Much worse is} 25. Qxf5 Qg7 26. Qxe4 Qxa1+ $19) (25. Qh6 $142 Qh4 26. Kh1) 25... Qg5 {[%emt 0:00:47] Black is clearly winning.} 26. g3 e3 {[%emt 0:02:18] Threatens to win with ...exf2+.} 27. g4 exf2+ 28. Kg2 Nf6 29. Kf3 Nxh5 {[%emt 0:01:03] Weighted Error Value: White=0.66/Black=0.12 (very precise) .  Mistake:       	White=4     	Black=1      Inaccurate:     	White=4     	Black=1      OK:         	White=2     	Black=5      Best:        	---       	Black=3      Strong:       	---       	Black=3} 0-1

[Event "40th Cappelle Open 2024"]
[Site "Cappelle-la-Grande"]
[Date "2024.03.07"]
[Round "8.11"]
[White "Lucas, Arthur"]
[Black "Girel, Joseph"]
[Result "1/2-1/2"]
[ECO "D00"]
[WhiteElo "2341"]
[BlackElo "2486"]
[Annotator "TA"]
[PlyCount "52"]
[EventDate "2024.03.02"]
[EventType "swiss"]
[EventCountry "FRA"]
[SourceTitle "playchess.com"]
[Source "ChessBase"]
[SourceQuality "1"]
[TimeControl "40/5400+30:1800+30"]

1. d4 d5 2. Nc3 Nf6 3. Bf4 a6 4. e3 e6 5. g4 Bb4 6. Nge2 O-O 7. a3 Be7 8. g5 Nh5 9. h4 Nxf4 10. Nxf4 c5 11. Bd3 c4 12. Bxh7+ Kxh7 13. Qh5+ Kg8 14. g6 $1 fxg6 15. Nxg6 {[%emt 0:00:07] [#] Weiss will mit Qh8+ Matt setzen.} Rf5 16. Qh8+ Kf7 17. Qh7 {[%emt 0:00:06] Schwarz muss nun h5 beachten.} Nc6 {[%emt 0:03:42] Und jetzt ...Bd7 wäre schön.} 18. e4 (18. f4 $2 Bd7 (18... Qg8 19. Nh8+ Kf8 20. Ng6+ Kf7 21. Nh8+ Kf8 22. Ng6+ Kf7 $11) 19. h5 Qg8 20. Qxg8+ Kxg8 $19) 18... dxe4 19. Nh8+ $1 {[%emt 0:00:44] Hervorragende Reitkunst.} Kf8 20. O-O-O Qa5 $2 (20... Bxa3 $1 $11 21. Rhg1 (21. bxa3 Qd6 $11) 21... Qa5 (21... Bb4 $2 22. Rxg7 Ne7 23. Nf7 $18) 22. Qxg7+ (22. Nxe4 $2 c3 $19) 22... Ke8) 21. Rhg1 $2 (21. Nxe4 c3 (21... Qd5 22. Ng6+ Ke8 23. Rhe1 $16) 22. Nxc3 (22. bxc3 $2 Bxa3+ 23. Kd2 Qd5 $17) 22... Bxa3 $11) ({Weiss kommt nicht vorbei an} 21. Ng6+ $18 Kf7 22. Nxe7 (22. Nxe4 Qd5 $11)) 21... Ke8 $2 (21... Bxa3 $1 $11 {und Schwarz steht sicher.} 22. Rxg7 (22. Nxe4 $2 c3 $19) (22. Qxg7+ Ke8 $11) 22... Bxb2+ (22... Qxc3 23. Qg8#) 23. Kxb2 Qb4+ 24. Kc1 Qa3+ 25. Kd2 Rxf2+ 26. Ke3 Qxc3+ 27. Kxf2 Qf3+ 28. Kg1 (28. Ke1 Qe3+ 29. Kf1 Qf3+ 30. Ke1 Qe3+ 31. Kf1 Qf3+ 32. Ke1 $11) 28... Qxd1+ 29. Kg2 Qd2+ (29... Qxd4 30. Qg8#) (29... Qxc2+ 30. Kh1 $11) 30. Kg3 Qe3+ (30... Qxd4 31. Qg8#) 31. Kh2 Qf2+ (31... Qxd4 32. Qg8#) 32. Rg2 Qf4+ (32... Qxd4 33. Rg8#) 33. Kh1 Qf1+ (33... Nxd4 34. Rg8#) 34. Kh2 Ne7 (34... Nxd4 35. Rg8#) (34... Qf4+ 35. Kg1 $11)) 22. Rxg7 $18 {[%emt 0:03:44] [#] Droht d5 und aus.} (22. Nxe4 Qd5 23. Nc3 Qd6 $11) 22... Bxa3 23. bxa3 $2 ({Nicht} 23. Nxe4 Bf8 $16) (23. Rg8+ $18 Bf8 24. Ng6 (24. Nxe4 Ne7 $11)) 23... Qxa3+ $11 {[%emt 0:00:16] Die Stellung ist ausgeglichen.} 24. Kb1 {[%emt 0:03:12] Rg8+ wäre nun fies.} Qb4+ ({Lieber nicht} 24... Qxc3 25. Rg8+ Rf8 26. Rxf8+ Kxf8 27. Qf7#) 25. Kc1 {[%emt 0:00:12] Droht stark Rg8+.} Qa3+ 26. Kb1 {[%emt 0:04:13] Und Rg8+ würde nun gewinnen. Tanz auf der Rasierklinge.} Qb4+ {[%emt 0:00:08] Gewichteter Fehlerwert: Weiß=0.42/Schwarz=0.38.  Verlustzug:     	---       	Schwarz=2     Gewinn verpasst:   	Weiß=2     	---        Ungenau:       	---       	Schwarz=2     OK:         	Weiß=10    	Schwarz=7     Bester:       	Weiß=4     	Schwarz=2     Stark:        	Weiß=2     	---} ({Schlechter ist} 26... Qxc3 27. Rg8+ Rf8 28. Rxf8+ Kxf8 29. Qf7#) 1/2-1/2

[Event "40th Cappelle Open 2024"]
[Site "Cappelle-la-Grande"]
[Date "2024.03.07"]
[Round "8.12"]
[White "Vlachos, Anatole"]
[Black "Karthikeyan, P.."]
[Result "1-0"]
[ECO "B40"]
[WhiteElo "2479"]
[BlackElo "2306"]
[Annotator "TA"]
[PlyCount "81"]
[EventDate "2024.03.02"]
[EventType "swiss"]
[EventCountry "FRA"]
[SourceTitle "playchess.com"]
[Source "ChessBase"]
[SourceQuality "1"]
[TimeControl "40/5400+30:1800+30"]

1. e4 c5 2. Nf3 e6 3. b3 b6 4. d4 cxd4 5. Nxd4 Bb7 6. Nd2 a6 7. Bb2 Qc7 8. Bd3 {[%emt 0:02:04] The position is equal.} d6 9. Qe2 Nd7 10. O-O-O Nc5 11. g4 Ne7 12. Kb1 Ng6 13. Qe3 Nxd3 (13... d5 $11) 14. cxd3 $16 d5 {[%emt 0:13:25] [#]} 15. Nf5 f6 $2 (15... exf5 $11 16. exf5+ Ne7) 16. Rc1 Qd8 (16... Qd7 $16) 17. g5 Kf7 ({Don't blunder} 17... dxe4 $2 18. Nxe4 Ne5 19. Nxg7+ Bxg7 20. gxf6 Bxe4 21. fxg7 (21. Qxe4 Qxd3+ 22. Qxd3 Nxd3 $18) 21... Qxd3+ 22. Qxd3 (22. Ka1 Rg8 $18) 22... Bxd3+ 23. Ka1 $18) (17... Rc8 $142) 18. gxf6 $18 gxf6 (18... exf5 $2 {perishes.} 19. exf5 Bc8 20. fxg7 (20. fxg6+ hxg6 21. fxg7 Rh5 $18) 20... Bxg7 21. fxg6+ hxg6 22. Qf4+ Kg8 23. Rc7 $18) 19. Nh6+ Bxh6 20. Qxh6 {[%emt 0:00:02][%cal Oe4e5] e5! would now be deadly.} Rc8 21. h4 e5 22. Rxc8 Bxc8 23. Rg1 Qf8 24. Qh5 {[%emt 0:00:01] aiming for f4.} dxe4 (24... Qd8 $142 25. d4 dxe4) 25. Nxe4 Qd8 26. Kc2 (26. Rd1 $18 {and White stays clearly on top.}) 26... Bb7 $16 {[%emt 0:02:36] [#]} 27. f4 $1 {[%emt 0:00:49] Hoping for f5. Some like it hot. White has more active pieces.} Bxe4 28. dxe4 Qa8 $2 {[%emt 0:01:22][%mdl 8192] Black cannot hold the game after this.} (28... exf4 $14 29. Bc3 Qe8) 29. Re1 $18 exf4 30. e5 Qc8+ 31. Bc3 Qc5 32. Qf5 (32. Re2 $142 Qb5 33. a4) 32... Rc8 33. Qxf6+ Ke8 34. e6 Rc7 {[%emt 0:01:35] Dodges Qf7+} 35. Rd1 Re7 36. Rd4 {[%emt 0:02:51] Black must now prevent Rc4.} Qh5 $2 (36... Qc6 37. h5 Nf8 38. Rxf4 Nxe6) 37. Bb4 {[%emt 0:02:59] White is clearly winning.} Qe2+ 38. Kb1 Qxe6 39. Bxe7 Qe1+ 40. Kb2 Qe2+ 41. Ka3 {[%emt 0:32:08] Weighted Error Value: White=0.32/Black=0.58.  Loses game:     	---       	Black=1      Missed win:     	White=1     	---        Mistake:       	White=1     	Black=6      Inaccurate:     	White=3     	Black=2      OK:         	White=6     	Black=8      Best:        	White=8     	Black=6} 1-0

[Event "40th Cappelle Open 2024"]
[Site "Cappelle-la-Grande"]
[Date "2024.03.07"]
[Round "8.13"]
[White "Mirimanian, Hayk"]
[Black "Duboue, Peio"]
[Result "0-1"]
[ECO "B12"]
[WhiteElo "2283"]
[BlackElo "2454"]
[Annotator "TA"]
[PlyCount "50"]
[EventDate "2024.03.02"]
[EventType "swiss"]
[EventCountry "FRA"]
[SourceTitle "playchess.com"]
[Source "ChessBase"]
[SourceQuality "1"]
[TimeControl "40/5400+30:1800+30"]

1. e4 c6 2. d4 d5 3. e5 c5 4. dxc5 e6 5. Be3 Nd7 6. Bb5 Ne7 7. f4 (7. c3 $11) 7... Nf5 $1 $15 {[%emt 0:05:19][%mdl 1024] Black has compensation.} 8. Bf2 {[%emt 0:01:16] Black is slightly better.} Qa5+ 9. Nc3 a6 10. g4 {[%emt 0:15:35] [#]} (10. Bf1 $15) 10... d4 $1 $19 (10... axb5 11. gxf5 Nxc5 12. a4 $17) 11. Bxd4 (11. Be2 $142 dxc3 12. b4 Qxb4 13. gxf5 Nxc5 (13... Bxc5 14. Bxc5 Nxc5 15. Qd6 $17) (13... Qxf4 $2 14. fxe6 Nxc5 15. Nh3 $19) 14. Qd4 Qxd4 15. Bxd4) 11... Nxd4 (11... axb5 12. gxf5 Nxc5 13. f6 gxf6 (13... b4 14. fxg7 Bxg7 15. Nb1 $15) 14. Nf3 $11) 12. Qxd4 (12. Bxd7+ Bxd7 13. Qxd4 Bxc5 $19) 12... axb5 13. b4 Qc7 {[%emt 0:00:53] White must now prevent ...b6.} 14. Qe4 {[%emt 0:22:55] [#]} Nxc5 $1 {[%emt 0:05:53][%mdl 512] Black is clearly winning.} 15. bxc5 Bd7 ({Weaker is} 15... Qxc5 16. Qd3 $19) 16. Nf3 Ra3 17. Kd2 Qxc5 18. Qd4 Qc6 19. Ng5 b4 20. Nce4 h6 21. Nxf7 Kxf7 22. f5 Ra5 {[%emt 0:03:20] aiming for ...Rd5.} 23. fxe6+ Bxe6 24. Rhf1+ Kg6 25. Kc1 b3 {[%emt 0:01:13] White got outplayed after the opening.   Weighted Error Value: White=1.25/Black=0.33.  Mistake:       	White=3     	---        Inaccurate:     	White=3     	---        OK:         	White=2     	Black=6      Best:        	White=1     	Black=2      Strong:       	---       	Black=1      Brilliant:      	---       	Black=1} 0-1

[Event "40th Cappelle Open 2024"]
[Site "Cappelle-la-Grande"]
[Date "2024.03.07"]
[Round "8.14"]
[White "Degraeve, Remy"]
[Black "Houriez, Clement"]
[Result "1-0"]
[ECO "B12"]
[WhiteElo "2447"]
[BlackElo "2272"]
[Annotator "TA"]
[PlyCount "133"]
[EventDate "2024.03.02"]
[EventType "swiss"]
[EventCountry "FRA"]
[SourceTitle "playchess.com"]
[Source "ChessBase"]
[SourceQuality "1"]
[TimeControl "40/5400+30:1800+30"]

1. e4 c6 2. d4 d5 3. e5 Bf5 4. Nf3 e6 5. Be2 Ne7 6. c3 h6 7. O-O Nd7 8. Na3 Bh7 9. Nc2 c5 10. dxc5 Nc6 (10... Nxc5 $11 11. Nfd4 a6) 11. b4 $16 Ndxe5 12. Nxe5 Nxe5 13. Bb5+ Nd7 14. Nd4 Be7 15. Qg4 Kf8 16. Re1 {[%emt 0:06:26][%cal Oe1e6] Rxe6! ist eine echte Drohung.} Nf6 17. Qh3 {[%emt 0:01:37][%cal Oe1e6] Und Rxe6! würde nun gewinnen.} Ne4 18. Bf4 (18. Bb2 $16) 18... Bg6 (18... Bf6 $1 $11) 19. Qe3 Bf6 20. f3 e5 21. fxe4 exf4 22. Qxf4 dxe4 (22... Bxd4+ 23. cxd4 Bxe4 24. Qf1 $16) 23. Rad1 Qb8 24. Rxe4 {[%emt 0:10:07] Weiß hat aktiveres Spiel.} Bxe4 25. Qxe4 Qc7 {[%emt 0:03:30] Schwarz ist schwach auf den weissen Feldern} 26. Nf5 $1 {[%emt 0:02:49][%mdl 1024] Zielt auf Re1 ab. Weiss hat starke Kompensation.} Rd8 27. Nd6 (27. Re1 $1 $16 {[%cal Oe4e8] Droht Matt per Qe8+!} Kg8 (27... Bxc3 28. Qe8+ Rxe8 29. Rxe8#) 28. Ne7+ Kf8 29. Nd5) 27... b6 $14 28. Re1 Qe7 (28... bxc5 29. Qe8+ Rxe8 30. Rxe8#) 29. Qb1 Qc7 30. Qe4 (30. Qf5 $5 Bxc3 31. Bd7 $11) 30... Qe7 (30... bxc5 31. Qe8+ Rxe8 32. Rxe8#) 31. Bc4 Qxe4 32. Rxe4 bxc5 (32... Bxc3 $14 33. Bb3 bxc5 34. bxc5 f5 35. Nxf5 Re8) 33. bxc5 (33. Nxf7 $16 Rd1+ 34. Kf2) 33... Bxc3 $11 34. Nxf7 (34. Bb3 $11) 34... Rd4 $17 35. Rxd4 Bxd4+ {[%emt 0:00:01][%mdl 4096] Endspiel. KRB-KBN} 36. Kf1 Rg8 (36... Rh7 $17 37. Nd8 Ke8 (37... Bxc5 38. Ne6+ Ke7 39. Nxc5 $16)) 37. Nd8 $11 Bxc5 $1 38. Bxg8 (38. Ne6+ Ke7 39. h4 (39. Nxc5 $2 {geht unter.} Rc8 $19) 39... Bd6 $17) 38... Kxg8 {[%emt 0:00:01] KB-KN} 39. Ke2 Bb6 40. Nc6 Kf7 41. Kd3 Ke6 42. Ke4 h5 43. h3 Kf6 44. Ne5 Ke6 45. Nd3 Kf6 46. a4 Kg5 47. Ne5 a5 48. Nc4 Bd8 49. Nd6 {[%emt 0:00:00] Und jetzt Nf7+ wäre schön.} Bc7 50. Ne8 Bg3 51. Nxg7 h4 52. Ne6+ Kf6 53. Nd4 Kg5 54. Ke3 Bf4+ 55. Kf3 {[%emt 0:00:00] jetzt Ne6+ und aus.} Bg3 56. Ke4 Bf2 $2 {[%emt 0:01:57][%mdl 8192] [#] Verliert die Partie.} (56... Kf6 $14) 57. Nf3+ $1 $18 {[%emt 0:00:00] Weiß steht klar auf Gewinn.} Kg6 {[%emt 0:00:42] [#]} 58. Kf4 {[%emt 0:00:00] Schwarz muss nun Kg4 beachten.} Kh5 59. Kf5 Bg3 60. Nd4 Bh2 61. Ne6 Bg3 62. Nf4+ Kh6 63. Kg4 Be1 64. Nd3 Bg3 65. Nc5 Bf2 66. Ne4 Be3 67. Kxh4 {[%emt 0:00:00] Gewichteter Fehlerwert: Weiß=0.17 (sehr präzise) /Schwarz=0.15 (sehr präzise) .  Verlustzug:     	---       	Schwarz=1     Fehler:       	Weiß=4     	Schwarz=4     Ungenau:       	Weiß=2     	Schwarz=3     OK:         	Weiß=18    	Schwarz=14    Bester:       	Weiß=4     	Schwarz=5     Stark:        	Weiß=2     	Schwarz=1} 1-0

[Event "40th Cappelle Open 2024"]
[Site "Cappelle-la-Grande"]
[Date "2024.03.07"]
[Round "8.15"]
[White "Kanov, Nikola"]
[Black "Derige Kane, Yan"]
[Result "1-0"]
[ECO "B33"]
[WhiteElo "2424"]
[BlackElo "2230"]
[Annotator "TA"]
[PlyCount "79"]
[EventDate "2024.03.02"]
[EventType "swiss"]
[EventCountry "FRA"]
[SourceTitle "playchess.com"]
[Source "ChessBase"]
[SourceQuality "1"]
[TimeControl "40/5400+30:1800+30"]

1. e4 c5 2. Nf3 e6 3. d4 cxd4 4. Nxd4 Nc6 5. Nc3 Nf6 6. Ndb5 d6 7. Bf4 e5 8. Bg5 a6 9. Na3 b5 10. Nd5 Be7 11. Bxf6 Bxf6 12. c3 Bg5 13. Nc2 Rb8 14. g3 O-O 15. h4 Bh6 16. Bh3 Be6 {[%emt 0:01:38] The position is equal.} 17. Ncb4 Nxb4 18. Nxb4 Qb6 {[%emt 0:05:46] Prevents Nc6} 19. Bxe6 fxe6 20. O-O a5 21. Nd3 Qc7 22. a4 d5 (22... Qc6 $14) 23. Qg4 $16 Kh8 24. axb5 (24. Qxe6 $6 dxe4 25. Qxe5 (25. Nxe5 $2 Rbe8 $19) 25... Qc6 $11) 24... Rxb5 {[%emt 0:01:12] [#]} 25. Ra4 $1 (25. Qxe6 dxe4 26. c4 Rbb8 (26... Rb6 27. Qxe5 Qxc4 28. Qxa5 $11) 27. Qxe5 (27. Nxe5 $2 Rbe8 $19) 27... Qxc4 $17) 25... Qd6 26. Rfa1 (26. Qe2 $18) 26... dxe4 $1 $14 27. Qxe4 Rd5 28. Ne1 Qb6 {[%emt 0:01:33] [#]} ({Black should play} 28... Rd2 $1 $14 29. Rxa5 (29. Nf3 Rxb2 30. R4a2 Rxa2 $14) 29... Rdxf2) 29. Nf3 $1 $16 Qxb2 30. Rxa5 $40 {[%emt 0:01:14][%mdl 128] White is out for blood.} Qxc3 $2 {[%emt 0:02:02] Loses the game.} (30... Rxa5 $16 {keeps fighting.} 31. Rxa5 Qxc3) 31. Ra8 $18 (31. Rxd5 $2 {perishes.} Qxa1+ 32. Kg2 exd5 $19) 31... g6 32. Rxf8+ Bxf8 33. Ra8 {[%emt 0:00:23][%cal Of3g5] Ng5! would now be deadly.} Kg8 34. Ng5 Qc6 {[%emt 0:13:37] [#]} (34... Rd7 $18 35. Rb8 (35. Nxe6 Rf7 $18) 35... Ra7) 35. Qf3 $1 {[%emt 0:02:29][%csl Ga8][%cal Rf3f8] White mates.} Rd1+ 36. Qxd1 Qxa8 37. Qd7 $1 ({Not} 37. Nxe6 Qa2 38. Ng5 Be7 $14) 37... Bg7 38. Qxe6+ Kh8 39. Nf7+ Kg8 40. Nd8+ {[%emt 0:00:05] Weighted Error Value: White=0.07 (flawless) /Black=0.43.  Mistake:       	White=1     	Black=4      Inaccurate:     	---       	Black=1      OK:         	White=11    	Black=9      Best:        	White=3     	---        Strong:       	White=3     	Black=1} 1-0

[Event "40th Cappelle Open 2024"]
[Site "Cappelle-la-Grande"]
[Date "2024.03.07"]
[Round "8.16"]
[White "Eugene, Floryan"]
[Black "Zienkiewicz, Jan"]
[Result "1-0"]
[ECO "C55"]
[WhiteElo "2422"]
[BlackElo "2218"]
[Annotator "TA"]
[PlyCount "67"]
[EventDate "2024.03.02"]
[EventType "swiss"]
[EventCountry "FRA"]
[SourceTitle "playchess.com"]
[Source "ChessBase"]
[SourceQuality "1"]
[TimeControl "40/5400+30:1800+30"]

1. e4 e5 2. Nf3 Nc6 3. Bc4 Nf6 4. d3 Be7 5. O-O O-O 6. a4 d5 7. exd5 Nxd5 8. Nc3 Nb6 9. Ba2 Bg4 10. h3 {[%emt 0:00:37] White has an edge.} Bh5 {[%emt 0:00:23] [#]} 11. a5 $1 Nxa5 (11... Nd7 $11) (11... Bxf3 12. Qxf3) 12. g4 $16 Bg6 13. Nxe5 Nc6 14. Nxc6 bxc6 {[%emt 0:00:18][%cal Bb7c6,Bc6c5][%mdl 32] [#]} 15. f4 $1 h5 (15... h6 $16 {was worth a try.} 16. f5 Bh7) 16. Qf3 (16. gxh5 $6 Bf5 $16) 16... c5 17. f5 (17. gxh5 Bf5 $16) 17... Bh7 {[%emt 0:00:15] Black is weak on the light squares} 18. Be3 (18. gxh5 Bg5 19. Ne4 Bxc1) 18... Re8 19. Ne4 {[%emt 0:02:19] Hoping for g5.} (19. gxh5 $6 Bg5 $18) 19... c6 (19... c4 {might work better.} 20. g5 (20. Bxc4 Nxc4 21. dxc4 Bh4 $18) (20. dxc4 c5 $18) (20. gxh5 Nd5 $18) 20... g6 21. dxc4 (21. Bxc4 Nxc4 22. dxc4 gxf5 $14) 21... c5) 20. g5 $18 (20. Bxc5 Bxc5+ 21. Nxc5 Nd5 $16) (20. gxh5 Bf6 21. h6 (21. Bxc5 Nd7 $18) (21. Nxf6+ Qxf6 22. Bxc5 Nd7 $18) 21... c4 22. hxg7 (22. Bxc4 Nxc4 23. dxc4 Bxb2 $18) (22. dxc4 Qe7 $18) 22... Nd5 $18) 20... Nd5 21. Qxh5 {[%emt 0:00:12][%cal Og5g6] aiming for g6!} (21. Nxc5 Nxe3 (21... Bxg5 22. Bd4 $15) 22. Bxf7+ Kxf7 $11) 21... Bxf5 22. Rxf5 (22. Bxc5 $2 Bxc5+ 23. Nxc5 g6 $19) 22... g6 {[%emt 0:00:02] [#]} 23. Rxd5 $1 {[%emt 0:00:12] Threatening mate with Qh6.} cxd5 24. Qf3 dxe4 (24... c4 $18) 25. Qxf7+ Kh8 26. Qxg6 (26. dxe4 Bxg5 27. Bf2 (27. Bxc5 Rc8 $17) 27... Qd6 $15 (27... Rxe4 28. Qxg6 Re7 29. Bf7 $11) (27... Qf6 28. Bd5 $14)) 26... Qd6 27. Qh5+ (27. Qxe4 $2 Bxg5 28. Bxc5 Qxc5+ 29. d4 Rxe4 $19) 27... Kg7 28. Qf7+ Kh8 29. Bf4 {[%emt 0:00:04] This pair of bishops is nice. White mates.} (29. dxe4 $2 {loses.} Qg3+ 30. Kf1 Rf8 $19 (30... Qxe3 31. Qh5+ Kg7 32. Qh6#)) 29... Qd4+ 30. Kh1 Bxg5 31. Qh5+ Kg7 32. Qxg5+ Kf8 33. Qf5+ Ke7 34. Qf7+ {[%emt 0:00:04] Black got outplayed after the opening.   Weighted Error Value: White=0.13 (very precise) /Black=0.62.  Mistake:       	---       	Black=3      Inaccurate:     	---       	Black=2      OK:         	White=6     	Black=4      Best:        	White=3     	Black=1      Strong:       	White=1     	---} 1-0

[Event "40th Cappelle Open 2024"]
[Site "Cappelle-la-Grande"]
[Date "2024.03.07"]
[Round "8.17"]
[White "Fedoryshyn, Ievgenii"]
[Black "Boyer, Mahel"]
[Result "0-1"]
[ECO "C08"]
[WhiteElo "2256"]
[BlackElo "2415"]
[Annotator "TA"]
[PlyCount "80"]
[EventDate "2024.03.02"]
[EventType "swiss"]
[EventCountry "FRA"]
[SourceTitle "playchess.com"]
[Source "ChessBase"]
[SourceQuality "1"]
[TimeControl "40/5400+30:1800+30"]

1. e4 e6 2. d4 d5 3. Nd2 c5 4. exd5 exd5 5. Ngf3 a6 6. dxc5 Bxc5 7. Nb3 Bd6 8. Bd3 (8. Qxd5 $2 Bb4+ $19) 8... Nf6 9. Qe2+ Be7 10. h3 {[%emt 0:01:04] White is slightly better.} O-O 11. O-O Nc6 12. c3 Re8 13. Qc2 Bf8 14. Re1 Rxe1+ 15. Nxe1 h6 (15... Ne5 $5) 16. Nf3 Bd6 17. Be3 Bd7 18. Nc5 Qc7 19. Nxd7 Qxd7 20. Rd1 Re8 21. Qd2 Qe6 22. Bc2 Bc7 23. Qd3 Na5 24. b3 Nc6 25. Qf5 Qe7 26. Bb1 Ne5 27. Nd4 g6 28. Qc2 h5 29. Ne2 Neg4 30. Rd3 {[%emt 0:02:45][%mdl 8192] [#]} (30. hxg4 $11 Nxg4 31. Nd4 (31. Rxd5 $2 {too greedy.} Nxe3 32. Qd2 Nxd5 $19)) 30... Qd6 $1 $19 31. hxg4 $2 (31. g3 Nxe3 32. Rxe3) 31... Qh2+ 32. Kf1 Nxg4 {[%emt 0:00:06] aiming for ...Qh1+.} 33. Qc1 Qh1+ 34. Ng1 Bh2 {[%emt 0:00:14] Black is clearly winning.} 35. Ke2 Bxg1 36. Qf1 Nh2 37. Qd1 Qxg2 {[%emt 0:00:02][%csl Gg1][%cal Rg2f2] [#]} 38. Kd2 Bxf2 39. Qe2 Bxe3+ 40. Rxe3 Nf1+ {[%emt 0:00:04] Weighted Error Value: White=0.93/Black=0.35.  Loses game:     	White=1     	---        Mistake:       	White=1     	---        Inaccurate:     	White=2     	Black=1      OK:         	White=10    	Black=9      Best:        	---       	Black=1      Strong:       	---       	Black=1} 0-1